 Dungeon Crawl Stone Soup version 0.24.0-125-gc4c63601f3 (console) character file.

Game seed: 4717627341257042440, levelgen mode: deterministic

1058 Kagalorn the Chiller (level 8, -5/46 HPs)
             Began as a Halfling Ice Elementalist on Mar 6, 2020.
             Was a Follower of Okawaru.
             Killed from afar by an electric eel (13 damage)
             ... with a bolt of electricity
             ... on level 7 of the Dungeon.
             The game lasted 00:23:01 (7459 turns).

Kagalorn the Chiller (Halfling Ice Elementalist)    Turns: 7459, Time: 00:23:01

Health: -5/46      AC:  5    Str:  9    XL:     8   Next: 51%
Magic:  14/14      EV: 15    Int: 15    God:    Okawaru [*.....]
Gold:   307        SH:  3    Dex: 15    Spells: 11/16 levels left

rFire    . . .     SeeInvis .   a - +0 scimitar
rCold    + . .     Gourm    .   (shield restricted)
rNeg     . . .     Faith    .   o - +2 robe {rC+}
rPois    .         Spirit   .   (no helmet)
rElec    .         Reflect  +   (no cloak)
rCorr    .         Harm     .   g - +0 pair of gloves
MR       .....                  (no boots)
Stlth    ++........             r - +3 amulet of reflection
HPRegen  0.15/turn              D - ring of flight
MPRegen  0.14/turn              (no ring)

@: no status effects
A: small, mutation resistance 1
a: Heroism, Renounce Religion, Evoke Flight


You were on level 7 of the Dungeon.
You worshipped Okawaru.
Okawaru was aware of your devotion.
You were near starving.

You visited 2 branches of the dungeon, and saw 8 of its levels.

You collected 307 gold pieces.

Inventory:

Hand Weapons
 a - a +0 scimitar (weapon)
 b - a +0 rapier
Missiles
 h - 153 stones (quivered)
 n - 13 poisoned darts
 t - 19 bolts
 x - a throwing net
 C - 102 arrows
Armour
 g - a +0 pair of gloves (worn)
 o - a +2 robe of cold resistance (worn)
Magical Staves
 A - an uncursed staff of earth
Jewellery
 m - an uncursed ring of fire
 r - a +3 amulet of reflection (around neck)
 D - a ring of flight (left hand)
Wands
 v - a wand of flame (18)
Scrolls
 d - 2 scrolls of identify
 e - a scroll of blinking {unknown}
 f - 2 scrolls of remove curse
 i - 2 scrolls of magic mapping {unknown}
 j - 2 scrolls of teleportation
 l - a scroll of random uselessness {unknown}
 p - a scroll of amnesia
 s - a scroll of noise {unknown}
 y - a scroll of enchant weapon {unknown}
Potions
 k - 4 potions of flight
 q - 2 potions of heal wounds
 u - a potion of haste
 w - a potion of curing
 z - 2 potions of lignification
 B - a potion of cancellation {unknown}
Comestibles
 c - 6 rations


   Skills:
 - Level 2.1 Dodging
 - Level 2.1 Stealth
 * Level 4.5 Spellcasting
   Level 0.7 Conjurations
 * Level 3.4 Summonings
 * Level 6.3 Ice Magic
 - Level 2.1 Invocations


You had 11 spell levels left.
You knew the following spells:

 Your Spells              Type           Power        Failure   Level  Hunger
a - Freeze                Ice            ###.         1%          1    None
b - Summon Ice Beast      Ice/Summ       ###.....     22%         4    ####...

Your spell library contained the following spells:

 Spells                   Type           Power        Failure   Level  Hunger
 Summon Small Mammal      Summ           ##..         4%          1    None
 Throw Frost              Conj/Ice       ##....       6%          2    ##.....
 Ozocubu's Armour         Chrm/Ice       ##......     14%         3    ###....
 Animate Skeleton         Necr           N/A          17%         1    None
 Apportation              Tloc           #.....       17%         1    None
 Confusing Touch          Hex            #.....       17%         1    None
 Throw Icicle             Conj/Ice       ##......     36%         4    ####...


Dungeon Overview and Level Annotations

Branches:
Dungeon (7/15)             Temple (1/1) D:5

Altars:
Cheibriados
Dithmenos
Elyvilon
Fedhas
Gozag
Hepliaklqana
Kikubaaqudgha
Makhleb
Nemelex Xobeh
Okawaru
Qazlal
Sif Muna
Trog
Uskayaw
Vehumet
Wu Jian
Xom
Yredelemnul
Zin
The Shining One

Annotations:
D:3 2 transporters, twino's ghost, amateur MiBe


Innate Abilities, Weirdness & Mutations

You are small and have problems with some larger weapons.
You are somewhat resistant to further mutation.


Message History

Aiming: Throw Flame
Press: ? - help, Shift-Dir - straight line, f/p - electric eel
Aim: an electric eel (steam, lightly wounded)
The puff of flame hits the electric eel.
The electric eel is moderately wounded.
The electric eel is engulfed in a cloud of scalding steam.
The electric eel shoots out a bolt of lightning at you!
The bolt of electricity hits you!
Evoke which item? (* to show all) (? for menu, Esc to quit)
Aiming: Throw Flame
Press: ? - help, Shift-Dir - straight line, f/p - electric eel
Aim: an electric eel (steam, heavily wounded)
The puff of flame misses the electric eel.
The electric eel is engulfed in a cloud of scalding steam.
The electric eel shoots out a bolt of lightning at you!
The bolt of electricity hits you!
* * * LOW HITPOINT WARNING * * *
The electric eel shoots out a bolt of lightning at you!
The bolt of electricity hits you!
You die...

..≈P≈≈≈≈P.
≈≈≈≈≈≈≈.≈P
≈≈≈§≈≈≈≈≈.####
P≈§§÷≈.≈≈....#
≈≈.z§;≈;♣..#.#
.P..P..P...#.#
..#.####.#
#..).#.#
####@..# #.###
#.# ..# ####


You could see an electric eel and a wight (wandering).

Vanquished Creatures
  2 ogres (D:6)
  Blork the orc (D:4)
  2 scorpions
  A howler monkey (D:5)
  An electric eel (D:7)
  A crimson imp (D:4)
  A centaur zombie (D:5)
  A jelly (D:4)
  An orc priest (D:5)
  5 orc wizards
  A worker ant (D:6)
  A hound zombie (D:5)
  A worker ant zombie (D:5)
  3 gnolls
  6 adders
  A shadow imp (D:4)
  3 oozes
  An adder skeleton (D:4)
  5 worms
  2 dart slugs
  5 leopard geckos
  14 orcs
  5 bats
  5 giant cockroaches
  6 goblins
  4 hobgoblins
  9 jackals
  5 kobolds
  A quokka (D:4)
  7 ball pythons
  11 frilled lizards
  A quokka skeleton (D:4)
  7 rats
120 creatures vanquished.

Vanquished Creatures (collateral kills)
  An orc warrior (D:5)
  An ogre (D:4)
2 creatures vanquished.

Vanquished Creatures (others)
  A gnoll (D:7)
  6 plants (D:3)
7 creatures vanquished.

Grand Total: 129 creatures vanquished

Notes
Turn   | Place    | Note
-------+----------+-------------------------------------------
     0 | D:1      | Kagalorn the Halfling Ice Elementalist began the quest for
                  | the Orb.
     0 | D:1      | Reached XP level 1. HP: 11/11 MP: 3/3
    72 | D:1      | Reached XP level 2. HP: 17/17 MP: 0/4
   429 | D:1      | Reached XP level 3. HP: 19/21 MP: 3/6
  1125 | D:2      | Reached XP level 4. HP: 27/27 MP: 1/7
  1284 | D:2      | Reached skill level 4 in Ice Magic
  1880 | D:2      | Reached XP level 5. HP: 28/31 MP: 6/9
  2209 | D:3      | Found a transporter.
  2244 | D:3      | Identified the +6 halberd of Vengeance {vamp, Str+4}
  2260 | D:3      | Found a transporter.
  2697 | D:3      | Noticed twino's ghost (amateur MiBe)
  2833 | D:4      | Noticed Blork the orc
  2857 | D:4      | Noticed an ogre
  2999 | D:3      | Learned a level 4 spell: Summon Ice Beast
  3314 | D:4      | Found a sparkling altar of Nemelex Xobeh.
  3379 | D:3      | Reached XP level 6. HP: 17/36 MP: 5/10
  3672 | D:4      | Killed an ogre
  3672 | D:4      | Reached skill level 1 in Summonings
  3738 | D:4      | Reached skill level 5 in Ice Magic
  4154 | D:4      | Found an opulent altar of Gozag.
  4265 | D:4      | Killed Blork the orc
  4265 | D:4      | Reached XP level 7. HP: 4/41 MP: 4/12
  4517 | D:5      | Entered Level 5 of the Dungeon
  4898 | D:5      | Found an iron altar of Okawaru.
  4942 | D:5      | Became a worshipper of Warmaster Okawaru
  5453 | D:5      | Reached skill level 1 in Invocations
  5510 | D:5      | Found a staircase to the Ecumenical Temple.
  5519 | Temple   | Entered the Ecumenical Temple
  5891 | D:6      | Found a radiant altar of Vehumet.
  5929 | D:6      | Reached XP level 8. HP: 43/46 MP: 8/14
  5978 | D:6      | Reached skill level 6 in Ice Magic
  6106 | D:6      | Found a white marble altar of Elyvilon.
  6106 | D:6      | Found an ornate altar of the Wu Jian Council.
  6107 | D:6      | Found a radiant altar of Vehumet.
  6297 | D:6      | Found a basalt altar of Yredelemnul.
  6530 | D:5      | Reached * piety under Okawaru
  6743 | D:6      | Found a white marble altar of Elyvilon.
  6753 | D:6      | Found an ornate altar of the Wu Jian Council.
  6932 | D:6      | Found a radiant altar of Vehumet.
  7459 | D:7      | Killed from afar by an electric eel

Levels and vault maps discovered:
D:1:      dpeg_arrival_central, layout_basic, serial_glass, glass_columns_a,
          glass_columns_c, glass_columns_b, glass_columns_a, glass_columns_c,
          glass_columns_a, item_on_display_a, feat_on_display,
          minmay_strange_pillars
D:2:      layout_basic, first_ration
D:3:      layout_basic, gammafunk_ghost_gnarly_gnolls, chequers_arboretum,
          st_stairs_7, grunt_ministairs_14, minmay_misc_feat_roman
D:4:      layout_rooms, grunt_temple_overflow_opulence, uniq_blork_the_orc
D:5:      lemuel_ice_spiral_2, layout_basic, okawaru_gym_becter,
          minmay_temple_entry_sparse_star
D:6:      layout_cave_pools, nicolae_overflow_quartered_altars, basic_altar
D:7:      layout_basic, serial_bayou, serial_bayou_pond_b,
          serial_bayou_lagoon_a, serial_bayou_pond_b, serial_bayou_ford_a,
          minmay_strange_pillars, minmay_joined_circles
Temple:   nicolae_temple_figure_eight

Skill      XL: |  1  2  3  4  5  6  7  8 |
---------------+-------------------------+-----
Spellcasting   | 2 3 4 |  4.5
Ice Magic      | 4 5 6 |  6.3
Summonings     | 2 3 |  3.4
Invocations    | 1 2 |  2.1
Dodging        | |  2.1
Stealth        | |  2.1
Conjurations   | |  0.7

Action                   |  1- 3 |  4- 6 |  7- 9 || total
-------------------------+-------+-------+-------++-------
Melee: Unarmed           |    66 |    33 |       ||    99
       Rapier            |       |    54 |    73 ||   127
       Scimitar          |       |       |     8 ||     8
 Cast: Freeze            |    52 |   113 |    70 ||   235
       Summon Ice Beast  |       |     1 |     2 ||     3
Evoke: Wand              |       |       |     4 ||     4
  Use: Scroll            |       |     5 |     6 ||    11
       Potion            |       |       |     1 ||     1
 Stab: Sleeping          |       |     5 |     1 ||     6
  Eat: Chunk             |     2 |    10 |     6 ||    18
       Ration            |       |       |     1 ||     1
Armor: Robe              |    18 |    12 |    25 ||    55
Dodge: Dodged            |   120 |   116 |    82 ||   318
Block: Other             |       |    17 |    21 ||    38
       Rpst.: Scimitar   |       |       |     3 ||     3
